 Dungeon Crawl Stone Soup version 0.17.1-1-g73c8601 (webtiles) character file.

4010 JustSomeDude the Skirmisher (level 10, -5/79 HPs)
             Began as a Demonspawn Monk on Dec 29, 2015.
             Slain by an orc warrior
             ... wielding a +0 glaive
              (20 damage)
             ... on level 9 of the Dungeon.
             The game lasted 00:30:17 (8747 turns).

JustSomeDude the Skirmisher (Demonspawn Monk)       Turns: 8747, Time: 00:30:17

Health: -5/79      AC: 15    Str: 11    XL:     10   Next: 3%
Magic:  15/15      EV: 14    Int: 13    God:
Gold:   267        SH:  0    Dex: 18    Spells: 0 memorised, 15 levels left

rFire  + . .     SeeInvis .     I - +5 short sword
rCold  + . .     Clarity  .     v - +3 ring mail
rNeg   . . .     SustAt   .     (no shield)
rPois  +         Gourm    .     (helmet restricted)
rElec  +         Spirit   .     e - +0 cloak
rCorr  +         Warding  .     (no gloves)
rMut   .         Stasis   +     (no boots)
MR     +....                    u - amulet of stasis
Stlth  +++.......               f - ring of protection from magic
                                i - +1 ring of protection

@: resistant, very slightly contaminated, invisible, somewhat resistant to
hostile enchantments, fairly stealthy
A: horns 1, iridescent scales 1, demonic guardian 2, nightstalker 1
a: no special abilities


You were on level 9 of the Dungeon.
You were not hungry.

You visited 2 branches of the dungeon, and saw 10 of its levels.

You collected 483 gold pieces.
You spent 216 gold pieces at shops.

Inventory:

Hand Weapons
 n - the +4 hand axe "Mecioxur" {freeze, *Confuse +Rage rPois Dex+4}
   (You bought it in a shop on level 5 of the Dungeon)

   It has been specially enchanted to freeze those struck by it, causing extra
   injury to most foes and up to half again as much damage against particularly
   susceptible opponents.
   It can also slow down cold-blooded creatures.
   It affects your dexterity (+4).
   It protects you from poison.
   It lets you go berserk.
   It may confuse you when you take damage.
 I - a +5 short sword (weapon)
Armour
 e - a +0 cloak (worn)
 v - a +3 ring mail (worn)
Jewellery
 f - a ring of protection from magic (right hand)
 i - a +1 ring of protection (left hand)
 u - an amulet of stasis (around neck)
Wands
 g - a wand of disintegration (10)
 E - a wand of lightning (4)
 G - a wand of enslavement (9)
Scrolls
 a - a scroll of immolation
 j - 11 scrolls of identify
 k - a scroll of remove curse
 z - 3 scrolls of blinking
 A - a scroll of amnesia {unknown}
 F - a scroll of noise {unknown}
Potions
 d - 2 potions of degeneration
 D - a potion of brilliance
Books
 h - the Tome of Nocuous Changing
   (You found it on level 8 of the Dungeon)

   Spells                             Type                      Level
   a - Sticks to Snakes               Transmutation                2
   b - Stoneskin                      Transmutation/Earth          2
   c - Mephitic Cloud                 Conjuration/Poison/Air       3
   d - Spider Form                    Transmutation/Poison         3
   e - Olgreb's Toxic Radiance        Poison                       4
   f - Alistair's Intoxication        Transmutation/Poison         4
 B - a book of the Earth

   Spells                             Type                      Level
   a - Leda's Liquefaction            Hexes/Earth                  4
   b - Bolt of Magma                  Conjuration/Fire/Earth       5
   c - Statue Form                    Transmutation/Earth          6
   d - Iron Shot                      Conjuration/Earth            6
   e - Shatter                        Earth                        9
Comestibles
 b - 5 bread rations
 c - 15 fruits
 o - 2 meat rations


   Skills:
 + Level 7.2 Fighting
 + Level 4.0 Short Blades
 + Level 5.1 Axes
 + Level 3.3 Throwing
 + Level 6.5 Armour
 + Level 6.5 Dodging
 + Level 5.0 Stealth
 + Level 5.4 Unarmed Combat
 + Level 3.3 Spellcasting


You had 15 spell levels left.
You didn't know any spells.

Dungeon Overview and Level Annotations

Branches:
Dungeon (9/15)             Temple (1/1) D:6             Orc (0/4) D:9
   Lair: D:8-11

Altars:
Ashenzari
Cheibriados
Dithmenos
Elyvilon
Fedhas
Gozag
Kikubaaqudgha
Makhleb
Nemelex Xobeh
Okawaru
Qazlal
Ru
Sif Muna
Trog
Vehumet
Xom
Yredelemnul
Zin
The Shining One

Shops:
D:5 (   D:9 [


Innate Abilities, Weirdness & Mutations

You have a pair of small horns on your head.
You are partially covered in iridescent scales (AC +4).
A demonic guardian rushes to your aid.
You are slightly more attuned to the shadows.


Message History

It was a potion of invisibility.
You fade into invisibility!
Your sixfirhy hits the giant frog!
The giant frog dies!
Your Short Blades skill increases to level 4!
The giant gecko misses you.
The orc warrior hits you from afar with a glaive.
* * * LOW HITPOINT WARNING * * *
The quokka misses you.
Your sixfirhy hits the orc warrior but does no damage.
You are very lightly contaminated with residual magic.
Unknown command.
Drink which item? (? for menu, Esc to quit)
It was a potion of poison.
You feel slightly nauseous.
Your sixfirhy disappears in a puff of smoke!
The giant gecko bites you.
* * * LOW HITPOINT WARNING * * *
The quokka misses you.
The orc warrior hits you from afar with a glaive!!
You die...

..##...............
.###...........##....
###..#.........# ......
...............##......
...............#.......
...............#>#.....
....#..................
....# ..........)l.....
...... .........@).....
..#### ........r.[.....
### .?........)o....
####.#.......∩.>
#.#.....$.... .
........$$.
............


You could see an orc warrior, a giant gecko and a quokka.

Vanquished Creatures
  A wyvern (D:9)
  2 humans (D:8)
  The ghost of Aokaililo the Covered, an amateur HuFi (D:3)
  A steam dragon (D:8)
  A black bear (D:9)
  A sky beast (D:7)
  2 ogres
  2 centaurs
  2 phantoms
  4 giant frogs (D:6)
  A scorpion (D:5)
  3 wights (D:8)
  3 jellies
  4 crimson imps
  2 giant frog zombies
  5 orc priests
  A wasp zombie (D:8)
  5 hounds
  3 orc wizards
  4 worker ants
  A giant frog skeleton (D:6)
  An iguana (D:9)
  2 hound skeletons
  A worker ant zombie (D:6)
  7 adders
  7 gnolls
  2 shadow imps
  An ooze (D:2)
  2 adder zombies
  An adder skeleton (D:4)
  4 worms
  5 giant geckos
  16 orcs
  8 giant cockroaches
  4 hobgoblins
  7 jackals
  9 kobolds
  3 quokkas
  A ball python (D:3)
  13 bats
  3 giant newts
  10 goblins
  A jackal skeleton (D:5)
  A quokka zombie (D:6)
  14 rats
172 creatures vanquished.

Vanquished Creatures (collateral kills)
  The ghost of emiel the Cleaver, a novice FoGl of Cheibriados (D:7)
  Prince Ribbit (D:7)
  Sigmund (D:3)
  A hungry ghost (D:7)
  A hippogriff (D:9)
  A phantom (D:9)
  An orc warrior (D:6)
  A centaur (D:7)
  An ogre (D:5)
  A giant frog (D:9)
  A jelly (D:7)
  An orc wizard (D:6)
  A killer bee zombie (D:9)
  7 orcs
  A kobold (D:3)
  A bat (D:3)
22 creatures vanquished.

Vanquished Creatures (others)
  A plant (D:3)
1 creature vanquished.

Grand Total: 195 creatures vanquished

Notes
Turn   | Place    | Note
--------------------------------------------------------------
     0 | D:1      | JustSomeDude the Demonspawn Monk began the quest for the Orb.
     0 | D:1      | Reached XP level 1. HP: 18/18 MP: 1/1
   198 | D:1      | Gained mutation: A weak demonic guardian rushes to your aid. [demonic ancestry]
   198 | D:1      | Reached XP level 2. HP: 16/24 MP: 2/2
   939 | D:2      | Found a basalt altar of Yredelemnul.
   946 | D:2      | Gained mutation: You are partially covered in iridescent scales (AC +4). [demonic ancestry]
   946 | D:2      | Reached XP level 3. HP: 20/29 MP: 3/3
  1846 | D:3      | Noticed Sigmund
  1859 | D:3      | Killed Sigmund
  1859 | D:3      | Reached XP level 4. HP: 24/37 MP: 4/4
  1859 | D:3      | Reached XP level 5. HP: 27/42 MP: 5/5
  1977 | D:3      | Noticed Aokaililo's ghost (amateur HuFi)
  2184 | D:3      | Reached skill level 1 in Axes
  2468 | D:3      | Noticed a moth of wrath
  2471 | D:3      | Found a bloodstained altar of Trog.
  2741 | D:3      | Found a sacrificial altar of Ru.
  2938 | D:3      | Reached skill level 5 in Fighting
  2938 | D:3      | Reached skill level 5 in Dodging
  2938 | D:3      | Reached skill level 5 in Unarmed Combat
  2938 | D:3      | Reached XP level 6. HP: 22/51 MP: 5/11
  2975 | D:3      | Killed Aokaililo's ghost
  3700 | D:4      | Reached XP level 7. HP: 48/57 MP: 12/12
  3815 | D:4      | Found a white marble altar of Elyvilon.
  3841 | D:4      | Found a deep blue altar of Sif Muna.
  3876 | D:4      | Found an ancient bone altar of Kikubaaqudgha.
  4590 | D:5      | Entered Level 5 of the Dungeon
  4668 | D:5      | Found Efiliuq's Antique Weapon Shoppe.
  4676 | D:5      | Bought a steaming hand axe for 216 gold pieces
  4676 | D:5      | Identified the +4 hand axe "Mecioxur" {freeze, *Confuse +Rage rPois Dex+4} (You bought it in a shop on level 5 of the Dungeon)
  4944 | D:5      | Reached skill level 5 in Armour
  4983 | D:5      | Reached skill level 6 in Fighting
  5184 | D:6      | Gained mutation: A demonic guardian rushes to your aid. [demonic ancestry]
  5184 | D:6      | Reached XP level 8. HP: 64/64 MP: 13/13
  5379 | D:6      | Found a staircase to the Ecumenical Temple.
  5622 | D:6      | Found a blossoming altar of Fedhas.
  6079 | Temple   | Entered the Ecumenical Temple
  6517 | D:7      | Noticed emiel's ghost (novice FoGl)
  6522 | D:7      | Killed emiel's ghost
  6522 | D:7      | Gained mutation: You are slightly more attuned to the shadows. [demonic ancestry]
  6522 | D:7      | Reached XP level 9. HP: 66/71 MP: 14/14
  6699 | D:7      | Noticed Prince Ribbit
  6980 | D:7      | Killed Prince Ribbit
  7615 | D:8      | Identified the Tome of Nocuous Changing
  7861 | D:8      | Found an iron altar of Okawaru.
  7968 | D:8      | Found a blossoming altar of Fedhas.
  8036 | D:8      | Found a white marble altar of Elyvilon.
  8324 | D:8      | Reached skill level 7 in Fighting
  8730 | D:9      | Reached skill level 5 in Axes
  8731 | D:9      | Found Deaso's Armour Emporium.
  8734 | D:9      | Found a staircase to the Orcish Mines.
  8744 | D:9      | Reached skill level 5 in Stealth
  8744 | D:9      | Gained mutation: You have a pair of small horns on your head. [demonic ancestry]
  8744 | D:9      | Reached XP level 10. HP: 23/79 MP: 15/15
  8747 | D:9      | Slain by an orc warrior

Action                   |  1- 3 |  4- 6 |  7- 9 | 10-12 || total
-------------------------+-------+-------+-------+-------++-------
Melee: Unarmed           |    60 |       |    24 |       ||    84
       Hand axe          |   137 |       |   337 |       ||   474
       Dagger            |    10 |   162 |    95 |       ||   267
       Short sword       |       |       |    45 |       ||    45
  Use: Scroll            |     1 |       |    13 |       ||    14
       Potion            |       |     6 |     5 |     3 ||    14
 Stab: Sleeping          |     3 |       |     4 |       ||     7
       Distracted        |       |     1 |     1 |       ||     2
  Eat: Meat ration       |     1 |       |     4 |       ||     5
       Chunk             |       |     1 |       |       ||     1
       Fruit             |       |     8 |     4 |       ||    12
